 Dungeon Crawl Stone Soup version 0.30.0-17-ge0270778cf (webtiles) character file.

Game seed: 10230435969397787365

12 monsoonserge the Ruffian (level 2, 26/26 HPs)
             Began as a Ghoul Monk on May 21, 2023.
             Was an Initiate of Gozag.
             Quit the game on level 1 of the Dungeon.
             The game lasted 00:01:21 (909 turns).

monsoonserge the Ruffian (Ghoul Monk)                Turns: 909, Time: 00:01:21

Health: 26/26      AC:  2    Str: 14    XL:     2   Next: 33%
Magic:  1/1        EV: 12    Int:  5    God:    Gozag
Gold:   47         SH:  0    Dex: 11    Spells: 1/1 levels left

rFire   . .          .
                       - Unarmed
rCold   + . .        c - orb {light}
rNeg    + + +        a - +0 robe
rPois   ∞            (no helmet)
rElec   .            (no cloak)
rCorr   .            (no gloves)
SInv    .            (no boots)
Will    .....        (no amulet)
Stlth   +            (no ring)
HPRegen 0.24/turn    (no ring)
MPRegen 0.07/turn

%: no passive effects
@: glowing
A: claws 1, cold resistance 1, negative energy resistance 3, inhibited
regeneration, torment resistance 2, devour on kill
a: Renounce Religion, Potion Petition, Call Merchant, Bribe Branch


You were on level 1 of the Dungeon.
You worshipped Gozag.
Gozag was noncommittal.
You visited 1 branch of the dungeon, and saw 1 of its levels.

You collected 47 gold pieces.

Inventory:

Missiles
 e - 9 atropa-tipped darts (quivered)
Armour
 a - a +0 robe (worn)
 c - an orb of light (worn)
 h - a +0 plate armour
Scrolls
 g - a scroll of noise {unknown}
 i - a scroll of blinking {unknown}
 k - a scroll of immolation {unknown}
Potions
 b - a potion of ambrosia
 d - a potion of attraction {unknown}
 f - 2 potions of heal wounds {unknown}
 j - 2 potions of degeneration {unknown}


   Skills:
 + Level 3.5 Fighting
 + Level 2.9 Dodging
 + Level 3.6 Unarmed Combat


You had one spell level left.
You didn't know any spells.
Your spell library contained the following spells:

 Spells                   Type           Power      Damage    Failure   Level
 Apportation              Tloc           0%         N/A       47%         1
 Necrotise                Necr           0%         1d4       47%         1
 Summon Small Mammal      Summ           0%         N/A       47%         1


Dungeon Overview and Level Annotations

Branches:
Dungeon (1/15)

Altars:
Gozag


Innate Abilities, Weirdness & Mutations

You are immune to poison.
You have sharp fingernails.
Your flesh is cold resistant. (rC+)
You are immune to negative energy. (rN+++)
You do not regenerate when monsters are visible.
You are immune to unholy pain and torment.
You thrive by killing the living.


Message History

You start putting on your armour.
You continue putting on your +0 plate armour. x5
You finish putting on your +0 plate armour.
You start removing your armour.
You continue taking off your +0 plate armour. x4
You finish taking off your +0 plate armour.
You start putting on your armour.
You continue putting on your +0 robe. x5
You finish putting on your +0 robe.
Found a scroll labelled BUETOD FESH.
i - a scroll labelled BUETOD FESH
There are no items here.
Found 4 gold pieces, 4 atropa-tipped darts and a book of Cantrips.
You now have 31 gold pieces (gained 4).
There are no items here.
e - 9 atropa-tipped darts (gained 4)
There are no items here.
Found an escape hatch in the floor.
You pick up a book of Cantrips and begin reading...
You add the spells Necrotise, Summon Small Mammal and Apportation to your library.
There are no items here.
There is an escape hatch in the floor here.
Found a stone staircase leading down.
You now have 38 gold pieces (gained 7).
There are no items here.
You open the door.
Found a dagger.
Found a stone staircase leading down.
There is an open door here.
You open the door.
There is an open door here.
j - 2 bubbling red potions
There is an open door here.
You open the door.
There is an open door here.
k - a scroll labelled FOMUBO VEEK You open the door.
There is an open door here.
There is an open door here.
You now have 47 gold pieces (gained 9).
Done exploring.
Are you sure you want to abandon this character and quit the game? (Confirm with "yes".)

####...#### ##'#
#.........# #.#
#.8..<..8.# #)#
#.........# ##..
########### ##...
#.... ### ####
##...
#.#######..#####..
#@................
#################.
#. #. ##


There were no monsters in sight!

Vanquished Creatures
  2 goblins (D:1)
  2 hobgoblins (D:1)
  4 jackals (D:1)
  A ball python (D:1)
  A frilled lizard (D:1)
  A kobold (D:1)
11 creatures vanquished.

Notes
Turn   | Place    | Note
-------+----------+-------------------------------------------
     0 | D:1      | monsoonserge the Ghoul Monk began the quest for the Orb.
     0 | D:1      | Reached XP level 1. HP: 19/19 MP: 0/0
   217 | D:1      | Reached XP level 2. HP: 11/26 MP: 1/1
   551 | D:1      | Found a faded altar of an unknown god.
   560 | D:1      | Prayed at the altar of an unknown god.
   560 | D:1      | Became a worshipper of Gozag Ym Sagoz the Greedy
   909 | D:1      | Quit the game

Illustrated notes

Levels and vault maps discovered:
D:1:      minmay_arrival_hallway, layout_loops_corners,
          hellmonk_ecumenical_altar_zigzags

Action                     || total
---------------------------++-------
  Melee: Unarmed           ||    29
 Armour: Robe              ||     5
  Dodge: Dodged            ||    13
